 Dungeon Crawl Stone Soup version 0.29.1-15-g9cfb28693d (webtiles) character file.

Game seed: 1585901956462311561

7 Descartes the Grasshopper (level 1, -1/11 HPs)
             Began as a Spriggan Warper on Mar 18, 2023.
             Slain by a kobold
             ... wielding a +0 club
              (3 damage)
             ... on level 1 of the Dungeon.
             The game lasted 00:01:05 (567 turns).

Descartes the Grasshopper (Spriggan Warper)          Turns: 567, Time: 00:01:05

Health: -1/11      AC:  2    Str:  7    XL:     1   Next: 91%
Magic:  5/5        EV: 17    Int: 14    God:
Gold:   23         SH:  0    Dex: 14    Spells: 5/5 levels left

rFire   . . .      SeeInvis +   f - +1 short sword (holy)
rCold   . . .      Faith    .   (no shield)
rNeg    . . .      Spirit   .   b - +0 robe
rPois   .          Reflect  .   (helmet restricted)
rElec   .          Harm     .   (no cloak)
rCorr   .          Rampage  .   (gloves unavailable)
Will    .....                   (boots unavailable)
Stlth   ++........              (no amulet)
HPRegen 0.03/turn               (no ring)
MPRegen 0.09/turn               (no ring)

@: very quick
A: very small, no large weapons, unfitting armour, see invisible, speed 3
a: no special abilities


You were on level 1 of the Dungeon.
You visited 1 branch of the dungeon, and saw 1 of its levels.

You collected 23 gold pieces.

Inventory:

Hand Weapons
 a - a +0 short sword
 f - a +1 short sword of holy wrath (weapon)
Missiles
 d - 7 boomerangs of dispersal (quivered)
 e - 6 boomerangs
Armour
 b - a +0 robe (worn)
Scrolls
 c - a scroll of blinking
 g - a scroll of enchant weapon {unknown}
 h - a scroll of butterflies {unknown}


   Skills:
 + Level 1.6 Fighting
 + Level 2.2 Short Blades
 - Level 1.0 Throwing
 + Level 3.3 Dodging
 + Level 1.0 Stealth
 + Level 2.8 Spellcasting
 + Level 4.5 Translocations
 + Level 0.5 Evocations


You had 5 spell levels left.
You didn't know any spells.
Your spell library contained the following spells:

 Spells                   Type           Power      Damage    Failure   Level
 Blink                    Tloc           28%        N/A       5%          2
 Gell's Gravitas          Tloc           14%        N/A       11%         3
 Lesser Beckoning         Tloc           14%        N/A       11%         3
 Teleport Other           Tloc           14%        N/A       11%         3
 Manifold Assault         Tloc           14%        N/A       67%         5


Dungeon Overview and Level Annotations

Branches:
Dungeon (1/15)

Altars:


Innate Abilities, Weirdness & Mutations

You are very small and have problems with some larger weapons.
You are too small for most types of armour.
You have supernaturally acute eyesight. (SInv)
You cover ground extremely quickly. (Speed+++)


Message History

You hit the frilled lizard.
You kill the frilled lizard!
No target in view!
No target in view!
No target in view!
No target in view!
g - a scroll labelled LIAMOYBB UTUBO
h - a scroll labelled JANUB ROWUGGIT
Found a dagger.
A kobold comes into view. It is wielding a +0 club.
The kobold shouts!
The kobold closely misses you.
You hit the kobold.
The kobold is moderately wounded.
The kobold hits you with a +0 club.
You hit the kobold.
The kobold is severely wounded.
The kobold hits you but does no damage.
You hit the kobold but do no damage.
The kobold is severely wounded.
The kobold misses you.
You barely miss the kobold.
The kobold is moderately wounded.
The kobold barely misses you.
You barely miss the kobold. The kobold misses you.
You barely miss the kobold. The kobold hits you with a +0 club.
You barely miss the kobold. The kobold closely misses you.
You hit the kobold but do no damage. The kobold hits you with a +0 club.
You barely miss the kobold. The kobold barely misses you.
You closely miss the kobold. The kobold hits you with a +0 club.
* * * LOW HITPOINT WARNING * * *
A kobold is nearby!
You hit the kobold but do no damage. The kobold completely misses you.
You hit the kobold but do no damage. The kobold completely misses you.
You hit the kobold but do no damage. The kobold hits you with a +0 club.
* * * LOW HITPOINT WARNING * * *
You barely miss the kobold.
Unknown command.
You barely miss the kobold. The kobold hits you with a +0 club.
You die...

#..)..# #.# #
#..#### #.# .
#..# #.# .
#..######.# .
#.........#
##.######## .
#.#
#...#######.#
......K@....#
##.##########
###########


You could see a kobold.

Vanquished Creatures
  An endoplasm (D:1)
  A goblin (D:1)
  A bat (D:1)
  A frilled lizard (D:1)
  2 kobolds (D:1)
  2 rats (D:1)
8 creatures vanquished.

Notes
Turn   | Place    | Note
-------+----------+-------------------------------------------
     0 | D:1      | Descartes the Spriggan Warper began the quest for the Orb.
     0 | D:1      | Reached XP level 1. HP: 10/10 MP: 5/5
   415 | D:1      | Reached skill level 1 in Stealth
   567 | D:1      | Slain by a kobold

Illustrated notes

Levels and vault maps discovered:
D:1:      lemuel_arrival_hallway, layout_loops_corners

Skill      XL: |  1 |
---------------+----+-----
Stealth        | 1 |  1.0
Fighting       | |  1.6
Short Blades   | |  2.2
Throwing       | |  1.0
Dodging        | |  3.3
Spellcasting   | |  2.8
Translocations | |  4.5
Evocations     | |  0.5

Action                   || total
-------------------------++-------
Melee: Short sword       ||    45
Armor: Robe              ||     7
Dodge: Dodged            ||    31
